 Dungeon Crawl Stone Soup version 0.27.1-3-gb3d3a73c9e (webtiles) character file.

Game seed: 16033119952268867029

1859 ZARRMARR the Sneak (level 9, -1/58 HPs)
             Began as an Octopode Conjurer on Oct 23, 2021.
             Slain by a steam dragon (10 damage)
             ... on level 6 of the Dungeon.
             The game lasted 00:14:49 (6329 turns).

ZARRMARR the Sneak (Octopode Conjurer)              Turns: 6329, Time: 00:14:50

Health: -1/58      AC:  1    Str:  6    XL:     9   Next: 13%
Magic:  10/15      EV: 14    Int: 24    God:
Gold:   272        SH:  0    Dex: 10    Spells: 14/16 levels left

rFire    . . .     SeeInvis .   b - +0 dagger
rCold    . . .     Faith    .   (no shield)
rNeg     . . .     Spirit   .   (helmet restricted)
rPois    .         Reflect  .   j - amulet of regeneration
rElec    .         Harm     .   (no ring)
rCorr    .         Rampage  .   (no ring)
Will     .....                  (no ring)
Stlth    ++++......             (no ring)
HPRegen  1.19/turn              (no ring)
MPRegen  0.14/turn              (no ring)
                                (no ring)
                                (no ring)

@: no status effects
A: almost no armour, amphibious, 8 rings, camouflage 1, gelatinous body 1,
(nimble swimmer 1), tentacles
a: no special abilities


You were on level 6 of the Dungeon.
You visited 1 branch of the dungeon, and saw 6 of its levels.

You collected 272 gold pieces.

Inventory:

Hand Weapons
 b - a +0 dagger (weapon)
Jewellery
 j - an amulet of regeneration (around mantle)
Scrolls
 a - 2 scrolls of enchant armour
 c - a scroll of amnesia
 g - a scroll of fog
 i - 4 scrolls of teleportation
 m - a scroll of enchant weapon {unknown}
 p - a scroll of silence {unknown}
 r - a scroll of brand weapon {unknown}
Potions
 d - 2 potions of flight
 e - 2 potions of curing
 f - a potion of resistance {unknown}
 h - 3 potions of degeneration {unknown}
 k - a potion of attraction {unknown}
 l - a potion of cancellation {unknown}
 n - 2 potions of mutation {unknown}
 o - a potion of berserk rage {unknown}
 q - 2 potions of might {unknown}


   Skills:
 + Level 4.2 Fighting
 + Level 4.0 Short Blades
 + Level 4.7 Dodging
 + Level 6.5 Stealth
 + Level 4.4 Spellcasting
 - Level 4.8 Conjurations
 + Level 3.2 Ice Magic
 + Level 4.4 Evocations


You had 14 spell levels left.
You knew the following spells:

 Your Spells              Type           Power      Damage    Failure   Level
a - Magic Dart            Conj           100%       1d8       1%          1
b - Freeze                Ice            80%        1d9       2%          1

Your spell library contained the following spells:

 Spells                   Type           Power      Damage    Failure   Level
 Searing Ray              Conj           56%        3d5       1%          2
 Shock                    Conj/Air       64%        1d7       3%          1
 Frozen Ramparts          Ice            40%        1d6       8%          3
 Ozocubu's Armour         Ice            20%        N/A       8%          3
 Beastly Appendage        Tmut           10%        N/A       10%         1
 Dazzling Flash           Conj/Hex       32%        N/A       11%         3
 Sublimation of Blood     Necr           2%         N/A       14%         2
 Wereblood                Tmut           5%         N/A       14%         2
 Hailstorm                Conj/Ice       24%        3d7       19%         4
 Inner Flame              Hex/Fire       5%         N/A       28%         3
 Spider Form              Tmut/Pois      2%         N/A       28%         3
 Fulminant Prism          Conj/Hex       8%         3d7       34%         4
 Iskenderun's Mystic Bla  Conj/Tloc      16%        2d5       34%         4
 Cause Fear               Hex            2%         N/A       67%         4
 Ozocubu's Refrigeration  Ice            10%        4d7       100%        7
 Summon Hydra             Summ           2%         N/A       100%        7
 Discord                  Hex            2%         N/A       100%        8


Dungeon Overview and Level Annotations

Branches:
Dungeon (6/15)
 Temple: D:4-7

Altars:
The Shining One


Innate Abilities, Weirdness & Mutations

You cannot wear most types of armour.
You are amphibious.
You can wear up to eight rings at the same time.
Your skin changes colour to match your surroundings (Stealth+).
Your rubbery body absorbs attacks. (AC +1, EV +1)
((You are camouflaged near water. (Stealth+)))
You have tentacles for arms and can constrict up to eight enemies at once.


Message History

The steam dragon is lightly wounded.
The steam dragon breathes steam at you. The ball of steam misses you.
You start resting.
A steam dragon is nearby!
The magic dart hits the steam dragon.
The steam dragon is moderately wounded.
The steam dragon breathes steam at you. The ball of steam hits you!!
Casting: Magic Dart (safe; 1% risk of failure)
Confirm with . or Enter, or press ? or * to list all spells.
Aiming: Freeze (safe; 2% risk of failure)
Press: ? - help, Shift-Dir - straight line, f/p - steam dragon
Aim: a steam dragon (moderately wounded, catching its breath)
You freeze the steam dragon.
The steam dragon is moderately wounded.
You are engulfed in a cloud of scalding steam.
The steam dragon bites you. The steam dragon misses you.
Casting: Freeze (safe; 2% risk of failure)
Confirm with . or Enter, or press ? or * to list all spells.
Aiming: Freeze (safe; 2% risk of failure)
Press: ? - help, Shift-Dir - straight line, f/p - steam dragon
Aim: a steam dragon (moderately wounded, catching its breath)
You freeze the steam dragon.
The steam dragon is severely wounded.
You are engulfed in a cloud of scalding steam.
The steam dragon bites you!
* * * LOW HITPOINT WARNING * * *
The steam dragon misses you.
Casting: Freeze (safe; 2% risk of failure)
Confirm with . or Enter, or press ? or * to list all spells.
Aiming: Freeze (safe; 2% risk of failure)
Press: ? - help, Shift-Dir - straight line, f/p - steam dragon
Aim: a steam dragon (severely wounded)
You freeze the steam dragon.
The steam dragon is severely wounded.
You are engulfed in a cloud of scalding steam.
* * * LOW HITPOINT WARNING * * *
The steam dragon bites you!
You die...

##...## #.....# #.....#
#.....# ##...## ####
###'########
##...##.....##...##
#!....#.....#.....######
#(....D@.8§.'.....#.....
#(....#§§.§.#.....######
##... #§§§§.##...##.....
###########..§§§############
#...............#..#
#.###.#####.....(..# #.#
#.#####..####.## #.#
#.............# #.#
####.....########## ##


You could see a steam dragon.

Vanquished Creatures
  Grinder (D:4)
  An acid dragon (D:6)
  A water moccasin (D:6)
  Duvessa (D:4)
  A black bear (D:6)
  A sky beast (D:6)
  A necrophage (D:4)
  2 ogres
  A centaur (D:5)
  2 scorpions
  A water moccasin zombie (D:5)
  A water moccasin skeleton (D:5)
  Dowan (D:4)
  2 howler monkeys (D:6)
  A bullfrog zombie (D:5)
  A hound (D:4)
  2 jellies
  2 orc priests
  A gnoll shaman (D:4)
  2 iguanas
  An orc wizard (D:3)
  A hound skeleton (D:2)
  5 gnolls (D:4)
  6 adders
  An ufetubus (D:4)
  2 adder skeletons
  A worm (D:2)
  A dart slug (D:5)
  4 orcs
  6 ball pythons
  7 bats
  7 endoplasms
  2 giant cockroaches
  10 goblins
  7 hobgoblins
  A jackal (D:2)
  4 quokkas
  A frilled lizard (D:3)
  4 kobolds
  3 rats
100 creatures vanquished.

Vanquished Creatures (others)
  A fungus (D:3)
  2 plants (D:3)
3 creatures vanquished.

Grand Total: 103 creatures vanquished

Notes
Turn   | Place    | Note
-------+----------+-------------------------------------------
     0 | D:1      | ZARRMARR the Octopode Conjurer began the quest for the Orb.
     0 | D:1      | Reached XP level 1. HP: 11/11 MP: 3/3
   510 | D:1      | Reached XP level 2. HP: 18/18 MP: 3/5
  1540 | D:2      | Reached skill level 3 in Stealth
  1540 | D:2      | Reached XP level 3. HP: 10/22 MP: 1/6
  1765 | D:2      | Reached skill level 1 in Fighting
  1857 | D:2      | Reached skill level 1 in Evocations
  2137 | D:2      | Reached XP level 4. HP: 28/28 MP: 3/7
  2305 | D:3      | Reached skill level 1 in Short Blades
  2819 | D:3      | Reached XP level 5. HP: 33/33 MP: 1/8
  2934 | D:3      | Found a faded altar of an unknown god.
  2942 | D:3      | Got Plato's Catalogue of Air
  3240 | D:4      | Noticed Grinder
  3279 | D:4      | Noticed Duvessa
  3279 | D:4      | Noticed Dowan
  3450 | D:4      | Killed Grinder
  3451 | D:4      | Reached skill level 4 in Stealth
  3451 | D:4      | Reached XP level 6. HP: 27/39 MP: 1/10
  3591 | D:4      | Reached XP level 7. HP: 45/45 MP: 1/11
  4000 | D:4      | Reached skill level 1 in Ice Magic
  4020 | D:4      | Learned a level 1 spell: Freeze
  4043 | D:4      | Killed Dowan
  4316 | D:4      | Killed Duvessa
  4459 | D:4      | Reached skill level 5 in Stealth
  4471 | D:4      | Reached XP level 8. HP: 52/52 MP: 11/13
  4546 | D:5      | Entered Level 5 of the Dungeon
  5492 | D:6      | Found a glowing golden altar of the Shining One.
  5655 | D:6      | Reached skill level 6 in Stealth
  6137 | D:6      | Reached XP level 9. HP: 41/58 MP: 12/15
  6329 | D:6      | Slain by a steam dragon

Illustrated notes

Levels and vault maps discovered:
D:1:      dpeg_arrival_more_subterranean_lakeside_camping, layout_loops_corners,
          serial_forest, infiniplex_forest_lined_room_,
          infiniplex_forest_clump_small, infiniplex_forest_zigzag_1,
          infiniplex_forest_lined_ring, infiniplex_forest_straight_2,
          infiniplex_forest_straight_2, minmay_box_of_dots
D:2:      layout_rooms, minmay_tromino_i2
D:3:      layout_basic, shapermc_ecumenical_altar_rom_forum,
          grunt_ministairs_15, minivault_11
D:4:      layout_gridville, hangedman_decor_push, minmay_increasing_density,
          uniq_grinder, uniq_duvessa
D:5:      layout_basic
D:6:      layout_loops_ring, mainiacjoe_overflow_small_starburst,
          minmay_three_doors

Skill      XL: |  1  2  3  4  5  6  7  8  9 |
---------------+----------------------------+-----
Stealth        | 3 4 5 6 |  6.5
Fighting       | 1 2 3 4 |  4.2
Evocations     | 1 2 3 4 |  4.4
Short Blades   | 1 2 3 4 |  4.0
Dodging        | 3 4 |  4.7
Spellcasting   | 3 4 |  4.4
Ice Magic      | 1 3 |  3.2
Conjurations   | |  4.8

Action                   |  1- 3 |  4- 6 |  7- 9 || total
-------------------------+-------+-------+-------++-------
Melee: Dagger            |    12 |    24 |   127 ||   163
       Unarmed           |     3 |       |       ||     3
       Constrict         |     5 |     5 |    14 ||    24
       Tentacles         |     2 |     7 |    19 ||    28
 Cast: Magic Dart        |    62 |    78 |   106 ||   246
       Freeze            |       |       |    10 ||    10
  Use: Scroll            |     2 |     1 |     7 ||    10
 Stab: Sleeping          |     1 |     1 |    10 ||    12
Armor: Skin              |       |     1 |     9 ||    10
Dodge: Dodged            |     8 |     9 |    98 ||   115
